 Dungeon Crawl Stone Soup version 0.27.0-1-g7a089689b8 (webtiles) character file.

Game seed: 15503920161654140066

59 Sweetruy1997 the Chopper (level 4, -1/40 HPs)
             Began as a Hill Orc Monk on Aug 5, 2021.
             Slain by an iguana (6 damage)
             ... on level 2 of the Dungeon.
             The game lasted 00:03:47 (2384 turns).

Sweetruy1997 the Chopper (Hill Orc Monk)            Turns: 2384, Time: 00:03:48

Health: -1/40      AC:  2    Str: 13    XL:     4   Next: 3%
Magic:  4/4        EV: 10    Int: 10    God:
Gold:   68         SH:  7    Dex: 14    Spells: 3/3 levels left

rFire    + . .     SeeInvis .   a - +0 hand axe
rCold    + . .     Faith    .   c - +0 kite shield
rNeg     . . .     Spirit   .   b - +0 robe
rPois    +         Reflect  .   (no helmet)
rElec    +         Harm     .   (no cloak)
rCorr    +         Rampage  .   (no gloves)
Will     .....                  (no boots)
Stlth    ++........             (no amulet)
HPRegen  0.13/turn              (no ring)
MPRegen  0.09/turn              (no ring)

@: brilliant, resistant
A: no striking features
a: no special abilities


You were on level 2 of the Dungeon.
You visited 1 branch of the dungeon, and saw 2 of its levels.

You collected 68 gold pieces.

Inventory:

Hand Weapons
 a - a +0 hand axe (weapon)
Armour
 b - a +0 robe (worn)
 c - a +0 kite shield (worn)
Scrolls
 e - a scroll of teleportation {unknown}
 g - a scroll of fear {unknown}
 j - a scroll of brand weapon {unknown}
 k - a scroll of magic mapping {unknown}
Potions
 h - a potion of heal wounds {unknown}
 i - a potion of magic {unknown}
 l - a potion of attraction {unknown}
 m - a potion of ambrosia {unknown}


   Skills:
 - Level 4.0 Fighting
 + Level 5.0 Axes
 + Level 2.9 Dodging
 - Level 2.0 Stealth
 + Level 0.5 Shields


You had 3 spell levels left.
You didn't know any spells.
Your spell library was empty.

Dungeon Overview and Level Annotations

Branches:
Dungeon (2/15)

Altars:

Shops:
D:1 =


Message History

You open the door.
There is an open door here.
You now have 68 gold pieces (gained 11).
A ball python comes into view.
The ball python hisses angrily.
You closely miss the ball python. You block the ball python's attack.
The ball python grabs you. The ball python constricts you.
The ball python bites you. The ball python constricts you.
You hit the ball python.
You kill the ball python!
An iguana is nearby!
An iguana is nearby!
You catch the helpless iguana completely off-guard!
You hit the iguana but do no damage. You block the iguana's attack.
You barely miss the iguana. The iguana barely misses you. The iguana bites you!
You hit the iguana.
The iguana is lightly wounded.
The iguana bites you!
You are too injured to fight recklessly!
You hit the iguana but do no damage.
The iguana is lightly wounded.
The iguana bites you!
* * * LOW HITPOINT WARNING * * *
It was a potion of resistance.
You feel protected. The iguana barely misses you.
You hit the iguana.
The iguana is moderately wounded.
The iguana closely misses you. You block the iguana's attack.
It was a potion of brilliance.
You feel clever all of a sudden. The iguana bites you.
* * * LOW HITPOINT WARNING * * *
You hit the iguana but do no damage.
The iguana is moderately wounded.
You block the iguana's attack.
You hit the iguana but do no damage.
The iguana is moderately wounded.
The iguana bites you.
You die...

#........<..#...............
#(.....###..#)..............
#......# #..################
#......###..# #
#.....#.....################
#.........>.................
#####.#...#.....############
#.#...#.l...# #.......#
#.....+@....# #.......'
#######.....# #.......#
#.....# #........ ###.....#
#........
###########....#########.#.#..
#.........'............#.#.#..
#.#########....######....#.#..
#...#######.......# #..###....
####...............#
#..#######


You could see an iguana.

Vanquished Creatures
  A gnoll (D:1)
  An adder (D:2)
  4 endoplasms
  A giant cockroach (D:1)
  3 goblins
  6 hobgoblins
  4 jackals (D:2)
  A kobold (D:2)
  2 quokkas (D:1)
  5 ball pythons
  6 bats
  2 frilled lizards (D:2)
  2 rats
38 creatures vanquished.

Vanquished Creatures (others)
  A fungus (D:1)
1 creature vanquished.

Grand Total: 39 creatures vanquished

Notes
Turn   | Place    | Note
-------+----------+-------------------------------------------
     0 | D:1      | Sweetruy1997 the Hill Orc Monk began the quest for the Orb.
     0 | D:1      | Reached XP level 1. HP: 19/19 MP: 1/1
   337 | D:1      | Reached XP level 2. HP: 27/27 MP: 2/2
   398 | D:1      | Found Nojycid's Jewellery Shoppe.
   638 | D:1      | You fall into a shaft and drop 1 floor!
   808 | D:2      | HP: 1/27 [jackal (2)]
   810 | D:2      | Reached XP level 3. HP: 1/33 MP: 3/3
  1457 | D:1      | Found a faded altar of an unknown god.
  2039 | D:2      | Reached skill level 5 in Axes
  2039 | D:2      | Reached XP level 4. HP: 40/40 MP: 4/4
  2384 | D:2      | Slain by an iguana

Illustrated notes

Levels and vault maps discovered:
D:1:      minmay_arrival_up_and_down, layout_rooms,
          shapermc_ecumenical_altar_mp_urbaneastern, serial_shops, shop,
          corexii_corridor_pit
D:2:      layout_basic

Skill      XL: |  1  2  3 |
---------------+----------+-----
Fighting       | 4 |  4.0
Stealth        | 2 |  2.0
Axes           | 5 |  5.0
Dodging        | |  2.9
Shields        | |  0.5

Action                   |  1- 3 |  4- 6 || total
-------------------------+-------+-------++-------
Melee: Hand axe          |   113 |    10 ||   123
  Use: Potion            |       |     2 ||     2
 Stab: Sleeping          |     5 |       ||     5
       Distracted        |       |     1 ||     1
Armor: Robe              |    26 |     1 ||    27
Dodge: Dodged            |    64 |     3 ||    67
Block: Kite shield       |    47 |     4 ||    51
